 Dungeon Crawl Stone Soup version 0.21-a0-440-g28109cb (webtiles) character file.

29 KristoblXynda the Shield-Bearer (level 3, 0/31 HPs)
             Began as a Draconian Fighter on Nov 10, 2017.
             Succumbed to an adder's poison
             ... on level 2 of the Dungeon.
             The game lasted 00:01:19 (428 turns).

KristoblXynda the Shield-Bearer (Draconian Fighter)  Turns: 428, Time: 00:01:19

Health: 0/31       AC:  6    Str: 24    XL:     3   Next: 1%
Magic:  3/3        EV: 10    Int: 10    God:
Gold:   5          SH:  9    Dex: 10    Spells: 2/2 levels left

rFire    . . .     SeeInvis .   f - -3 short sword (curse)
rCold    . . .     Gourm    .   b - +0 shield
rNeg     . . .     Faith    .   (armour unavailable)
rPois    .         Spirit   .   (helmet restricted)
rElec    .         Reflect  .   (no cloak)
rCorr    .         Harm     .   i - +0 pair of gloves
MR       +....                  (no boots)
Stlth    +.........             (no amulet)
HPRegen  0.10/turn              (no ring)
MPRegen  0.08/turn              (no ring)

@: mighty, lethally poisoned (0 -> -3)
A: unfitting armour, clever 1, magic resistance 1, cold-blooded, AC +5
a: no special abilities


You were on level 2 of the Dungeon.
You were not hungry.

You visited 1 branch of the dungeon, and saw 2 of its levels.

You collected 5 gold pieces.

Inventory:

Hand Weapons
 a - a +0 long sword
 f - a cursed -3 short sword (weapon)
Armour
 b - a +0 shield (worn)
 i - a +0 pair of gloves (worn)
Jewellery
 e - a cursed amulet of inaccuracy {unknown}
Scrolls
 g - a scroll of magic mapping
 h - 2 scrolls of remove curse {unknown}
Comestibles
 d - 3 bread rations


   Skills:
 - Level 3.2 Fighting
 * Level 2.9 Long Blades
 + Level 3.0 Dodging
 + Level 3.3 Shields


You had 2 spell levels left.
You didn't know any spells.

Dungeon Overview and Level Annotations

Branches:
Dungeon (2/15)

Altars:


Innate Abilities, Weirdness & Mutations

Your plain brown scales are hard. (AC +5)
You cannot fit into any form of body armour.
You are cold-blooded and may be slowed by cold attacks.
Your mind is acute. (Int +2)
You are resistant to hostile enchantments. (MR+)


Message History

You feel sick.
You closely miss the adder.
* * * LOW HITPOINT WARNING * * *
You feel sick. You block the adder's attack. x2
You closely miss the adder. You block the adder's attack.
You puncture the adder!
You kill the adder!
Your Dodging skill increases to level 3!
You have reached level 3!
Your experience leads to an increase in your attributes!
Your base attributes are Str 18, Int 8, Dex 10.
Increase (S)trength, (I)ntelligence, or (D)exterity?
You feel stronger.
Your scales feel tougher.
You feel sick. The adder bites you.
* * * LOW HITPOINT WARNING * * *
You closely miss the adder. You block the adder's attack.
You miss the adder. You block the adder's attack.
You closely miss the adder. You tail-slap the adder!
The adder is severely wounded.
You die...

############
#.>........#
#.....(....#
#..........#
##..........#######.
....................<.
####........$.#####.##
#..........gS@....#
.........#######...#
..........# .##
###.......# #
##.....## #.....# ....


You could see an adder and a goblin.

Vanquished Creatures
  2 adders (D:2)
  A leopard gecko (D:1)
  2 bats (D:1)
  A hobgoblin (D:1)
  2 frilled lizards (D:1)
  3 rats (D:1)
11 creatures vanquished.

Notes
Turn   | Place    | Note
-------+----------+-------------------------------------------
     0 | D:1      | KristoblXynda the Draconian Fighter began the quest for the Orb.
     0 | D:1      | Reached XP level 1. HP: 19/19 MP: 1/1
   247 | D:1      | Reached XP level 2. HP: 23/26 MP: 2/2
   248 | D:1      | Gained mutation: You are resistant to hostile enchantments. (MR+) [potion of mutation]
   248 | D:1      | Gained mutation: Your mind is acute. (Int +2) [potion of mutation]
   403 | D:1      | You fall through a shaft!
   425 | D:2      | Reached XP level 3. HP: 7/31 MP: 3/3
   425 | D:2      | HP: 1/31 [adder (5)]
   428 | D:2      | Succumbed to an adder's poison

Vault maps used:
D:1:      dpeg_arrival_simpleton_b, nrook_uturn
D:2:      grunt_temple_overflow_open, grunt_ashenzari_visionary

Skill      XL: |  1  2 |
---------------+-------+-----
Dodging        | 3 |  3.0
Fighting       | |  3.2
Long Blades    | |  2.9
Shields        | |  3.3

Action                   || total
-------------------------++-------
Melee: Long sword        ||    26
       Short sword       ||    16
       Tailslap          ||     2
  Use: Scroll            ||     2
       Potion            ||     2
Armor: Skin              ||    18
Dodge: Dodged            ||    35
Block: Shield            ||    45
       Rpst.: Long sword ||    13

Table legend:
 A = Spawn XP
 B = Non-spawn XP
 C = Spawn XP percentage of total XP
 D = Spawn monster count
 E = Non-spawn monster count
 F = Spawn count percentage of total count
 G = Total turns spent on level
                    A         B        C        D         E        F      G
               +---------+---------+-------+---------+---------+-------+---------
         Total |       0 |      42 |   0.0 |       0 |      11 |   0.0 |   428
               +---------+---------+-------+---------+---------+-------+---------
           D:1 |       0 |      14 |   0.0 |       0 |       9 |   0.0 |   403
           D:2 |       0 |      28 |   0.0 |       0 |       2 |   0.0 |    25
               +---------+---------+-------+---------+---------+-------+---------
